 Dungeon Crawl Stone Soup version 0.27-a0-1287-gca74d27db6 (webtiles) character file.

Game seed: 4265244708615644758

3151 avis the Cleaver (level 9, 0/74 HPs)
             Began as a Hill Orc Monk on June 15, 2021.
             Was a Priest of Beogh.
             Slain by a yak (2 damage)
             ... on level 8 of the Dungeon.
             The game lasted 00:49:39 (10772 turns).

avis the Cleaver (Hill Orc Monk)                   Turns: 10772, Time: 00:49:41

Health: 0/74       AC: 14    Str: 17    XL:     9   Next: 93%
Magic:  0/15       EV: 15    Int: 12    God:    Beogh [***...]
Gold:   52         SH:  5    Dex: 13    Spells: 8/8 levels left

rFire    . . .     SeeInvis .   a - +0 war axe
rCold    . . .     Faith    .   u - +0 buckler
rNeg     . . .     Spirit   +   T - +4 ring mail of Zin's Envy {rElec rPois Will- Int+2}
rPois    +         Reflect  .   (no helmet)
rElec    +         Harm     .   (no cloak)
rCorr    .         Rampage  .   i - +0 pair of gloves
Will     .....                  (no boots)
Stlth    +.........             d - amulet of guardian spirit
HPRegen  0.22/turn              E - +4 ring of protection
MPRegen  0.14/turn              q - +4 ring of evasion

@: studying Throwing
A: no striking features
a: Renounce Religion, Smiting


You were on level 8 of the Dungeon.
You worshipped Beogh.
Beogh was most pleased with you.
You visited 2 branches of the dungeon, and saw 9 of its levels.
You also visited: Ossuary.

You collected 448 gold pieces.
You spent 396 gold pieces at shops.

Inventory:

Hand Weapons
 a - a +0 war axe (weapon)
 b - a +2 vorpal hunting sling
 w - a +3 spear of flaming
Missiles
 g - 131 stones (quivered)
 o - 16 sling bullets
 G - 5 boomerangs
 H - 7 javelins
 L - 3 boomerangs of dispersal
Armour
 i - a +0 pair of gloves (worn)
 u - a +0 buckler (worn)
 T - the +4 ring mail of Zin's Envy (worn) {rElec rPois Will- Int+2}
   (You found it on level 6 of the Dungeon)

   It affects your intelligence (+2).
   It insulates you from electricity.
   It protects you from poison.
   It decreases your willpower.
Jewellery
 d - an amulet of guardian spirit (around neck)
 q - a +4 ring of evasion (right hand)
 x - a ring of protection from fire
 E - a +4 ring of protection (left hand)
 Q - a ring of positive energy
 R - a ring of flight
Scrolls
 f - 3 scrolls of fog
 p - 4 scrolls of teleportation
 s - a scroll of holy word
 t - a scroll of torment {unknown}
 v - a scroll of immolation {unknown}
 y - a scroll of magic mapping
 P - a scroll of enchant weapon {unknown}
 S - a scroll of silence {unknown}
Potions
 h - 4 potions of ambrosia
 k - 4 potions of curing
 m - a potion of heal wounds
 n - a potion of berserk rage
 z - 3 potions of brilliance
 A - 2 potions of haste


   Skills:
 - Level 5.0 Fighting
 * Level 14.0 Axes
 - Level 2.4 Dodging
 - Level 1.5 Stealth
 - Level 4.0 Shields
 + Level 8.4 Invocations


You had 8 spell levels left.
You didn't know any spells.
Your spell library contained the following spells:

 Spells                   Type           Power      Damage    Failure   Level
 Animate Skeleton         Necr           0%         N/A       52%         1
 Apportation              Tloc           0%         N/A       52%         1
 Corona                   Hex            0%         N/A       52%         1
 Freeze                   Ice            0%         1d3       52%         1
 Pain                     Necr           0%         1d4       52%         1
 Sandblast                Erth           0%         2d4       52%         1
 Summon Small Mammal      Summ           0%         N/A       52%         1
 Passwall                 Tmut/Erth      0%         N/A       67%         2
 Frozen Ramparts          Ice            0%         1d2       88%         3
 Ozocubu's Armour         Ice            0%         N/A       88%         3
 Stone Arrow              Conj/Erth      0%         3d7       88%         3
 Vampiric Draining        Necr           0%         2d6       88%         3
 Animate Dead             Necr           0%         N/A       99%         4
 Hailstorm                Conj/Ice       0%         3d3       99%         4
 Petrify                  Tmut/Erth      0%         N/A       99%         4
 Agony                    Necr           0%         N/A       100%        5
 Lee's Rapid Deconstruct  Erth           0%         3d5*      100%        5
 Metabolic Englaciation   Hex/Ice        0%         N/A       100%        5


Dungeon Overview and Level Annotations

Branches:
Dungeon (8/15)             Temple (1/1) D:6         Ossuary (visited)
   Lair: D:8-11

Altars:
Dithmenos
Makhleb
Nemelex Xobeh
Okawaru
Vehumet
Zin
The Shining One

Shops:
D:1 (   D:8 [?


Message History

Your orc priest hits the yak with a +1 vampiric hand axe. x2
The yak dies!
Beogh accepts your kill.
Your orc priest looks more experienced.
The yak gores you. You block the yak's attack.
Your Axes skill increases to level 14!
You slash the yak!
The yak is heavily wounded.
You hit the yak but do no damage. You closely miss the yak.
You hit the orc priest. The yak barely misses you.
Your orc priest hits the yak with a +1 vampiric hand axe.
Your orc priest hits the orc priest with a +1 vampiric hand axe.
Unknown command.
You hit the yak but do no damage.
The yak is almost dead.
You closely miss the orc priest. You hit the yak. x2
The orc priest hits you with a +0 flail.
The yak gores you but does no damage. The yak misses you.
You block the yak's attack.
Your orc priest miscasts a cantrip.
You barely miss the yak.
The yak is almost dead.
You hit the orc priest. You hit the yak. x2; The yak gores you.
The orc priest calls down the wrath of Beogh upon you.
Beogh smites you! You block the yak's attack. The yak gores you!
* * * LOW HITPOINT WARNING * * *
Unknown command.
You hit the yak.
The yak is almost dead.
You barely miss the orc priest. You slash the yak!
You hit the yak but do no damage.
Your orc priest hits the yak but does no damage.
Your orc priest hits the orc priest with a +1 vampiric hand axe.
The yak gores you!
* * * LOW HITPOINT WARNING * * *
The orc priest mumbles some strange prayers to Beogh against you.
Beogh smites you!
* * * LOW HITPOINT WARNING * * *
The yak closely misses you. The yak gores you.
You die...

.###....#
..#+######
..<..#.##
#.........
..####.#
#........o
#. #..
#.....o...
#. ...#
....... #.
.. .... #.
.#######.##
#.
.......oYY+
..
#.#####o@Y#
# #...# #
#...# #
#...# #
#...# .
#...# .
#...# ..
#...# ..
##'##


You could see 3 yaks, an orc priest and a friendly orc priest.

Vanquished Creatures
  Sigmund (D:3)
  A water moccasin (D:6)
  An orc warrior (D:6)
  A sky beast (D:7)
  3 ogres (D:5)
  A centaur (D:7)
  A necrophage (D:7)
  2 bullfrogs
  2 gnoll sergeants
  11 scorpions
  A wyvern skeleton (D:7)
  A water moccasin skeleton (D:4)
  3 centaur zombies
  2 bullfrog zombies
  A hound (D:4)
  3 human zombies (Ossuary)
  3 bullfrog skeletons
  A gnoll shaman (D:5)
  3 jellies
  Terence (D:3)
  2 iguanas
  3 scorpion zombies
  4 orc wizards
  2 killer bee zombies
  A hound skeleton (D:4)
  3 mummies (Ossuary)
  16 gnolls
  3 adders
  2 white imps
  An ufetubus (D:5)
  A worm (D:3)
  2 dart slugs
  8 orcs
  2 bats (D:1)
  3 endoplasms
  6 giant cockroaches
  4 goblins
  5 hobgoblins
  2 quokkas (D:2)
  8 ball pythons
  4 frilled lizards
  3 goblin zombies (Ossuary)
  2 hobgoblin zombies (Ossuary)
  2 kobolds (D:1)
  A kobold zombie (Ossuary)
  3 orc zombies (Ossuary)
  7 rats
143 creatures vanquished.

Vanquished Creatures (collateral kills)
  2 yaks (D:8)
  A shadow imp (D:7)
  A white imp (D:7)
  3 orcs
7 creatures vanquished.

Vanquished Creatures (others)
  An orc priest (D:4)
  An orc (D:4)
  20 fungi (D:6)
22 creatures vanquished.

Grand Total: 172 creatures vanquished

Notes
Turn   | Place    | Note
-------+----------+-------------------------------------------
     0 | D:1      | avis the Hill Orc Monk began the quest for the Orb.
     0 | D:1      | Reached XP level 1. HP: 19/19 MP: 1/1
   398 | D:1      | Reached XP level 2. HP: 25/27 MP: 2/2
   862 | D:1      | Reached skill level 5 in Axes
  1118 | D:1      | Found Saomat's Antique Weapon Shoppe.
  1298 | D:2      | Found an iron altar of Okawaru.
  1587 | D:2      | Reached XP level 3. HP: 29/33 MP: 3/3
  2453 | D:3      | Noticed Terence
  2577 | D:3      | Reached skill level 6 in Axes
  2577 | D:3      | Reached XP level 4. HP: 27/41 MP: 2/4
  2857 | D:3      | Noticed Sigmund
  2935 | D:3      | Found a radiant altar of Vehumet.
  3291 | D:1      | Bought a runed hunting sling for 99 gold pieces
  3467 | D:4      | Found a sparkling altar of Nemelex Xobeh.
  3501 | D:4      | Reached XP level 5. HP: 45/47 MP: 3/5
  3830 | D:4      | Found a glowing golden altar of the Shining One.
  3885 | D:4      | Became a worshipper of Beogh the Brigand
  3885 | D:4      | Reached * piety under Beogh
  3885 | D:4      | Reached ** piety under Beogh
  4388 | D:4      | Reached skill level 5 in Fighting
  4388 | D:4      | Reached skill level 7 in Axes
  4580 | D:3      | Reached skill level 1 in Shields
  4595 | D:3      | Killed Terence
  4596 | D:3      | Reached XP level 6. HP: 20/56 MP: 3/6
  4929 | D:3      | Found a shadowy altar of Dithmenos.
  5051 | D:3      | Killed Sigmund
  5052 | D:3      | Reached skill level 8 in Axes
  5305 | D:1      | Bought a glowing hunting sling for 99 gold pieces
  5548 | D:5      | Entered Level 5 of the Dungeon
  5603 | D:5      | Reached XP level 7. HP: 47/61 MP: 3/7
  5622 | D:5      | Reached skill level 1 in Invocations
  5677 | D:5      | Reached skill level 9 in Axes
  6281 | D:5      | Reached XP level 8. HP: 67/68 MP: 10/10
  6310 | D:5      | Reached skill level 10 in Axes
  6765 | D:6      | Reached skill level 11 in Axes
  6947 | D:6      | Reached skill level 5 in Invocations
  7261 | D:6      | Identified the +4 ring mail of Zin's Envy {rElec rPois
                  | Will- Int+2}
  7549 | D:6      | Reached *** piety under Beogh
  7639 | D:6      | Reached XP level 9. HP: 72/74 MP: 13/13
  8307 | D:6      | Found a staircase to the Ecumenical Temple.
  8313 | Temple   | Entered the Ecumenical Temple
  8409 | D:7      | Reached skill level 12 in Axes
  8620 | D:7      | Found a sand-covered staircase.
  8629 | Ossuary  | Entered an ossuary
  9002 | Ossuary  | Reached skill level 13 in Axes
  9457 | D:7      | Found a burning altar of Makhleb.
  9484 | D:7      | Found a glowing silver altar of Zin.
 10163 | D:1      | Bought an ancient halberd for 198 gold pieces
 10163 | D:1      | Identified the +6 halberd "Hellblazer" {vorpal, rPois} (You
                  | bought it in a shop on level 1 of the Dungeon)
 10650 | D:8      | Found Zekk's Antique Armour Shoppe.
 10652 | D:8      | Found Udwuysosm's Magic Scroll Shop.
 10769 | D:8      | Reached skill level 14 in Axes
 10772 | D:8      | HP: 2/74 [orc priest/divine providence (11)]
 10772 | D:8      | Slain by a yak

Illustrated notes

Levels and vault maps discovered:
D:1:      dpeg_arrival_rooms_with_view, layout_loops_ring, serial_shops,
          nicolae_shop_waterfront
D:2:      layout_basic, basic_altar, nrook_uturn, grunt_decor_mini_mirrors
D:3:      layout_basic, overflow_temple_1_default, marbit_many_paths,
          uniq_sigmund, uniq_terence
D:4:      layout_basic, amcnicky_altar_gilded, nemelex_spade_bored_becter
D:5:      layout_rooms
D:6:      layout_basic, minmay_temple_entry_enclosed_plants, serial_aquarium,
          aquarium_bridge_square [aquarium_subvault_bridge,
          aquarium_subvault_bridge, aquarium_subvault_wall,
          aquarium_subvault_wall], aquarium_bridge_square
          [aquarium_subvault_bridge, aquarium_subvault_wall,
          aquarium_subvault_wall, aquarium_subvault_balcony], aquarium_window_1,
          aquarium_window_1, aquarium_window_corridor_2, aquarium_view_2d,
          minmay_misc_feat_plants
D:7:      layout_loops_cross, lemuel_doored_altar, zin_academy,
          lightli_ossuary_entry_decrepit_ruins, st_stairs_6, amethyst_killhole,
          chequers_mini_garden, minmay_manual_mail
D:8:      layout_basic, serial_shops, shop, shop, nicolae_shop_crystal,
          nicolae_shop_window_shopping, minmay_manual_macuahuitl
Temple:   regret_index_temple_generic_petals

Skill      XL: |  1  2  3  4  5  6  7  8  9 |
---------------+----------------------------+-----
Axes           | 5 6 7 8 9 11 14 | 14.0
Fighting       | 4 5 |  5.0
Shields        | 1 2 3 4 |  4.0
Invocations    | 3 5 8 |  8.4
Dodging        | |  2.4
Stealth        | |  1.5

Action                   |  1- 3 |  4- 6 |  7- 9 || total
-------------------------+-------+-------+-------++-------
Melee: Hand axe          |   122 |    90 |   274 ||   486
       War axe           |       |       |   200 ||   200
 Fire: Hunting sling     |       |    35 |    82 ||   117
Throw: Stone             |     7 |       |       ||     7
Invok: Convert to Beogh  |       |     1 |       ||     1
       Smiting           |       |       |     1 ||     1
  Use: Scroll            |       |       |    13 ||    13
 Stab: Sleeping          |     4 |       |       ||     4
Armor: Robe              |    13 |       |       ||    13
       Scale mail        |    10 |    14 |       ||    24
       Plate armour      |       |    26 |    70 ||    96
       Ring mail         |       |       |    63 ||    63
Dodge: Dodged            |    77 |    46 |   196 ||   319
Block: Buckler           |       |       |    53 ||    53

Table legend: (Time is in decaauts)
 A = Elapsed time spent in this place.
 B = Non-inter-level travel time spent in this place.
 C = Inter-level travel time spent in this place.
 D = Time resting spent in this place.
 E = Time spent auto-exploring this place.
 F = Levels seen in this place.
 G = Mean time per level.
                   A        B        C        D        E       F      G
               +--------+--------+--------+--------+--------+-----+--------+
         Total |  10693 |   8897 |   1796 |   1782 |   4385 |  10 | 1069.3 |
       Dungeon |  10176 |   8380 |   1796 |   1692 |   4385 |   8 | 1272.0 |
        Temple |     45 |     45 |      0 |      0 |      0 |   1 |   45.0 |
       Ossuary |    471 |    471 |      0 |     90 |      0 |   1 |  471.0 |
               +--------+--------+--------+--------+--------+-----+--------+

Top non-repeatable levels by time:
     D:2: 1842 daAuts
     D:6: 1761 daAuts
     D:1: 1576 daAuts
     D:4: 1489 daAuts
     D:7: 1163 daAuts
     D:3: 1143 daAuts
     D:5: 1048 daAuts
 Ossuary: 471 daAuts
     D:8: 151 daAuts
  Temple: 45 daAuts
